 Dungeon Crawl Stone Soup version 0.17-a0-1311-gbcbd859 (webtiles) character file.

426 Fluffy the Cudgeler (level 6, -3/37 HPs)
             Began as a Gargoyle Fighter on June 8, 2015.
             Killed by nerve-wracking pain
             ... invoked by a shadow imp
             ... summoned by Natasha
              (11 damage)
             ... on level 4 of the Dungeon.
             The game lasted 00:05:32 (3075 turns).

Fluffy the Cudgeler (Gargoyle Fighter)              Turns: 3075, Time: 00:05:33

Health: -3/37      AC: 15    Str: 19    XL:     6   Next: 97%
Magic:  6/6        EV:  5    Int:  9    God:
Gold:   255        SH:  9    Dex: 11    Spells: 0 memorised, 5 levels left

rFire  . . .     SeeInvis .     a - +0 flail
rCold  . . .     Clarity  .     v - +0 chain mail
rNeg   + . .     SustAt   .     c - +0 shield
rPois  ∞         Gourm    .     l - +0 helmet
rElec  +         Spirit   .     w - +0 cloak
rCorr  .         Warding  .     (no gloves)
rMut   .         Stasis   .     (no boots)
MR     .....                    (no amulet)
Stlth  ..........               (no ring)
                                b - ring of wizardry

@: slowed, very slow, not resistant to hostile enchantments, extremely
unstealthy
A: negative energy resistance 1, electricity resistance, unbreathing,
petrification resistance, rot immunity, AC +4
a: no special abilities


You were on level 4 of the Dungeon.
You were not hungry.

You visited 1 branch of the dungeon, and saw 4 of its levels.

You collected 255 gold pieces.

Inventory:

Hand weapons
 a - a +0 flail (weapon)
Armour
 c - a +0 shield (worn)
 l - a +0 helmet (worn)
 v - a +0 chain mail (worn)
 w - a +0 cloak (worn)
Jewellery
 b - a ring of wizardry (left hand)
Magical devices
 s - a wand of confusion (24)
 t - a wand of enslavement (8)
Scrolls
 f - a scroll of recharging {unknown}
 g - a scroll of remove curse {unknown}
 k - 3 scrolls of amnesia {unknown}
 m - 2 scrolls of immolation {unknown}
 n - a scroll of random uselessness {unknown}
 r - a scroll of enchant armour {unknown}
Potions
 d - a potion of might
 h - 2 potions of heal wounds {unknown}
 j - a potion of magic {unknown}
 o - 3 potions of poison {unknown}
 p - 2 potions of flight {unknown}
 q - a potion of ambrosia {unknown}
Comestibles
 e - 4 bread rations
 i - 2 meat rations
 u - a chunk of flesh


   Skills:
 - Level 3.2 Fighting
 + Level 7.2 Maces & Flails
 - Level 3.2 Armour
 - Level 3.2 Shields


You had 5 spell levels left.
You didn't know any spells.

Dungeon Overview and Level Annotations

Branches:
Dungeon (4/15)
 Temple: D:4-7

Altars:
Fedhas
Gozag
Zin
The Shining One

Annotations:
D:4 Natasha


Innate Abilities, Weirdness & Mutations

You are resistant to torment.
Your stone body is resilient (AC +4).
You are immune to poison.
You resist negative energy.
You are resistant to electric shocks.
You can survive without breathing.
You are immune to petrification.
You are immune to rotting.


Message History

The shadow imp hits you but does no damage.
Natasha claws you.
The shadow imp hits you but does no damage.
You barely miss Natasha.
Natasha mumbles some strange words.
The shadow imp hits you but does no damage.
Natasha claws you.
* * * LOW HITPOINT WARNING * * *
You barely miss Natasha. You block the shadow imp's attack.
Natasha mumbles some strange words.
The white imp shouts, "Flee, thou fawning ill-breeding giglet!"
The shadow imp hits you but does no damage.
You closely miss Natasha. Natasha casts a spell at you.
The magic dart hits you!
* * * LOW HITPOINT WARNING * * *
You block the shadow imp's attack. The shadow imp gestures at you.
Pain shoots through your body!
You die...

................#..## ##........
............(.....## ##.........
...................####...##.....
....................##...###.....
........................###......
....)...................##.......
.................................
..........<....5h.5..............
...............5@####............
.................# ##...........
................## #...........
##.............## #..####.....
#######.###..## #.## ###### ##.#
##.## #.## #.## ##.# ##.# #.# #.#
#.## #.# #.# ##.##


You could see Natasha, a white imp and 2 shadow imps.

Vanquished Creatures
  A water moccasin skeleton (D:4)
  2 orc priests (D:4)
  Ijyb (D:3)
  An orc wizard (D:4)
  A hound (D:4)
  Natasha (twice) (D:4)
  4 gnolls (D:2)
  9 adders
  2 oozes (D:2)
  2 worms
  4 giant geckos
  An orc (D:4)
  3 giant cockroaches
  6 goblins
  6 hobgoblins
  6 jackals
  8 kobolds
  A quokka (D:4)
  11 bats
  7 giant newts
  8 rats
86 creatures vanquished.

Notes
Turn   | Place    | Note
--------------------------------------------------------------
     0 | D:1      | Fluffy the Gargoyle Fighter began the quest for the Orb.
     0 | D:1      | Reached XP level 1. HP: 14/14 MP: 1/1
   266 | D:1      | Reached XP level 2. HP: 19/19 MP: 2/2
   812 | D:2      | Reached XP level 3. HP: 23/23 MP: 3/3
   991 | D:2      | Found a glowing golden altar of the Shining One.
  1050 | D:2      | Reached skill level 4 in Maces & Flails
  1050 | D:2      | Reached XP level 4. HP: 23/28 MP: 4/4
  1114 | D:2      | Found a blossoming altar of Fedhas.
  1154 | D:2      | Reached skill level 5 in Maces & Flails
  1165 | D:2      | Reached XP level 5. HP: 22/32 MP: 5/5
  1464 | D:3      | Noticed Ijyb
  1496 | D:3      | Killed Ijyb
  1575 | D:3      | Found an opulent altar of Gozag.
  1576 | D:3      | Found a glowing silver altar of Zin.
  2125 | D:4      | Reached skill level 6 in Maces & Flails
  2125 | D:4      | Reached XP level 6. HP: 34/37 MP: 6/6
  2795 | D:4      | Noticed Natasha
  2800 | D:4      | Killed Natasha
  2800 | D:4      | Reached skill level 7 in Maces & Flails
  2819 | D:4      | Noticed Natasha
  2824 | D:4      | Killed Natasha
  3060 | D:4      | Noticed Natasha
  3075 | D:4      | Killed from afar by a shadow imp

Vault maps used:
D:1:      dpeg_arrival_shrine, serial_glass, glass_columns_a, glass_columns_b,
          glass_columns_a, glass_columns_c, glass_columns_a, glass_columns_b
D:2:      old_standard_altar, fedhas_altar_3
D:3:      grunt_temple_overflow_gold_and_silver, uniq_iyjb
D:4:      first_bread, uniq_natasha

Action                   |  1- 3 |  4- 6 || total
-------------------------+-------+-------++-------
Melee: Flail             |   150 |   264 ||   414
  Eat: Chunk             |     1 |     7 ||     8
